 Dungeon Crawl Stone Soup version 0.26-a0-466-g989023bd0d (webtiles) character file.

Game seed: 447414150400452663

56703 Inarius the Bludgeoner (level 14, 0/157 HPs)
             Began as an Ogre Berserker on July 31, 2020.
             Was the Champion of Trog.
             Slain by a catoblepas (13 damage)
             ... while petrified by you
             ... on level 6 of the Lair of Beasts.
             The game lasted 00:38:15 (25568 turns).

Inarius the Bludgeoner (Ogre Berserker)            Turns: 25568, Time: 00:38:16

Health: 0/157      AC:  8    Str: 28    XL:     14   Next: 82%
Magic:  23/23      EV:  1    Int:  8    God:    Trog [******]
Gold:   1325       SH:  0    Dex:  8    Spells: 13/13 levels left

rFire    . . .     SeeInvis .   J - +6 shillelagh "Devastator" {shatter}
rCold    . . .     Faith    .   (no shield)
rNeg     + + +     Spirit   .   I - +0 troll leather armour
rPois    ∞         Reflect  .   (helmet restricted)
rElec    .         Harm     .   K - +1 cloak {MR+}
rCorr    .                      (gloves unavailable)
MR       ++...                  (boots unavailable)
Stlth    +.........             (no amulet)
HPRegen  0.76/turn              A - +4 ring of evasion
MPRegen  0.18/turn              r - ring of magical power

@: petrified
A: large, unfitting armour, tough skin 1
a: Berserk, Trog's Hand, Brothers in Arms, Renounce Religion


You were on level 6 of the Lair of Beasts.
You worshipped Trog.
Trog was exalted by your worship.
You visited 2 branches of the dungeon, and saw 17 of its levels.
You also visited: Bailey.

You collected 1325 gold pieces.

Inventory:

Hand Weapons
 b - a +0 antimagic mace
 B - a +0 eveningstar of freezing
 J - the +6 shillelagh "Devastator" (weapon) {shatter}
   (You acquired it on level 1 of the Lair of Beasts)
 M - the +8 flail "Mifann Xuwal" {vorpal, rElec Str+3 SInv}
   (You found it on level 5 of the Lair of Beasts)

   It inflicts extra damage upon your enemies.
   It affects your strength (+3).
   It insulates you from electricity.
   It lets you see invisible.
 N - a +6 dire flail
Armour
 I - a +0 troll leather armour (worn)
 K - a +1 cloak of magic resistance (worn)
Jewellery
 r - a ring of magical power (right hand)
 A - a +4 ring of evasion (left hand)
Wands
 c - a wand of iceblast (6)
 k - a wand of acid (8)
 y - a wand of flame (12)
 F - a wand of clouds (6)
 L - a wand of disintegration (5)
Scrolls
 d - 5 scrolls of enchant weapon
 e - 4 scrolls of fog
 h - 8 scrolls of teleportation
 i - 2 scrolls of amnesia
 j - 8 scrolls of fear
 p - 16 scrolls of remove curse
 s - 3 scrolls of immolation
 t - 2 scrolls of vulnerability
 z - 2 scrolls of identify
 C - 3 scrolls of magic mapping
 D - 4 scrolls of enchant armour {unknown}
 G - a scroll of holy word
 H - 3 scrolls of blinking
Potions
 a - a potion of berserk rage {unknown}
 f - 4 potions of heal wounds
 l - 3 potions of flight
 m - 11 potions of curing
 n - 2 potions of might
 o - 3 potions of lignification
 q - 2 potions of cancellation
 u - 7 potions of brilliance
 v - 4 potions of stabbing {unknown}
 w - a potion of invisibility
 x - 2 potions of magic
 E - a potion of mutation {unknown}
Miscellaneous
 g - a lightning rod (3/4)


   Skills:
 + Level 14.5 Fighting
 * Level 15.9 Maces & Flails
 + Level 5.6 Armour
 + Level 8.3 Dodging
 - Level 7.0 Evocations


You had 13 spell levels left.
You didn't know any spells.
Your spell library contained the following spells:

 Spells                   Type           Power        Failure   Level
 Animate Skeleton         Necr           #.....       43%         1
 Apportation              Tloc           #.....       43%         1
 Corona                   Hex            #......      43%         1
 Summon Small Mammal      Summ           #...         43%         1


Dungeon Overview and Level Annotations

Branches:
Dungeon (11/15)            Temple (0/1) D:7            Lair (6/6) D:11
  Swamp (0/4) Lair:2       Spider (0/4) Lair:3          Orc (0/2) D:10
 Bailey (visited)
  Slime: Lair:5-6

Altars:
Ashenzari
Cheibriados
Dithmenos
Elyvilon
Fedhas
Hepliaklqana
Makhleb
Nemelex Xobeh
Okawaru
Trog
Uskayaw
Vehumet
Xom
The Shining One
Jiyva

Shops:
D:10 (

Annotations:
D:3 2 transporters, pulvazza's ghost, amateur DsAK
Lair:2 exclusion: oklob plant


Innate Abilities, Weirdness & Mutations

You are too large for most types of armour.
You have tough skin. (AC +1)


Message History

A crocodile comes into view.
You are engulfed in calcifying dust.
You are slowing down.
Your limbs are stiffening.
You have turned to stone.
The catoblepas breathes a plume of calcifying dust at you.
The blast of calcifying dust hits you.
* * * LOW HITPOINT WARNING * * *
The crocodile bites you but does no damage.
You are engulfed in calcifying dust.
The crocodile bites you but does no damage.
You are engulfed in calcifying dust.
The crocodile bites you.
You are engulfed in calcifying dust.
The catoblepas gores you!!
* * * LOW HITPOINT WARNING * * *
The crocodile bites you but does no damage.
The catoblepas gores you but does no damage.
The crocodile bites you!
* * * LOW HITPOINT WARNING * * *
The catoblepas gores you!!
You die...

....P....P......P.♣.....#..###
.....).........P.......###.##
..♣♣.........P.P........P#..#
...........)....)......'...P#
...P.♣..........♣♣'(.((#.#.##
.......P.........♣#+#.###..##
....#..P........###.#####...#
....##..........t##'#.##...##
.......Y.......Y@§.§.......P#
###...##.#.P.P..#P..P##..####
# ##########..############
####


You could see a catoblepas and a crocodile.

Vanquished Creatures
  Kirke (Lair:3)
  An orc warlord (Bailey)
  Nessos (Lair:4)
  Snorg (Lair:2)
  2 hydras
  2 catoblepae (Lair:6)
  9 death yaks (Lair:6)
  Sonja (Lair:1)
  2 fire crabs
  2 unseen horrors (D:11)
  2 orc knights (Bailey)
  An oklob plant (Lair:5)
  2 manticores (Lair:6)
  A torpor snail (Lair:6)
  3 black mambas
  2 rime drakes
  2 komodo dragons
  8 cane toads
  3 trolls (D:10)
  A slime creature (D:10)
  11 blink frogs
  A hornet (D:9)
  4 hippogriffs
  A spriggan (Lair:6)
  A centaur simulacrum (D:9)
  2 redbacks
  A vampire (D:11)
  Sigmund (D:2)
  6 hogs
  Grum (D:8)
  36 yaks
  2 wraiths (D:11)
  A wyvern (Lair:5)
  9 water moccasins
  11 porcupines
  2 black bears
  3 ice beasts
  19 orc warriors
  2 phantoms
  2 sky beasts (D:7)
  10 ogres
  An eye of draining (D:11)
  4 necrophages
  9 wolves
  5 centaurs
  7 crocodiles
  A big kobold (D:7)
  19 bullfrogs
  A gnoll sergeant (D:10)
  4 scorpions
  A water moccasin skeleton (D:7)
  6 wights (D:8)
  8 killer bees
  A howler monkey (D:11)
  2 electric eels
  6 jellies
  A bullfrog zombie (D:8)
  7 hounds
  A centaur zombie (D:8)
  A gnoll shaman (D:3)
  2 orc priests (D:5)
  10 orc wizards
  3 bullfrog skeletons
  3 centaur skeletons
  2 iguanas
  12 worker ants
  Ijyb (D:3)
  Natasha (thrice) (D:2)
  A hound zombie (D:7)
  2 hound skeletons
  A howler monkey zombie (D:8)
  13 adders
  24 gnolls
  A howler monkey skeleton (D:4)
  4 white imps
  2 oozes
  4 adder zombies
  4 adder skeletons
  6 worms
  2 dart slugs
  5 leopard geckos
  55 orcs
  7 bats
  5 giant cockroaches
  28 hobgoblins
  12 jackals
  3 quokkas
  2 frilled lizards (D:2)
  20 goblins
  12 kobolds
  A quokka zombie (D:5)
  11 rats
  2 fungi
  3 plants (Lair:6)
524 creatures vanquished.

Vanquished Creatures (others)
  4 fungi
  10 plants
14 creatures vanquished.

Grand Total: 538 creatures vanquished

Notes
Turn   | Place    | Note
-------+----------+-------------------------------------------
     0 | D:1      | Inarius the Ogre Berserker began the quest for the Orb.
     0 | D:1      | Reached XP level 1. HP: 24/24 MP: 1/1
   104 | D:1      | Reached skill level 3 in Maces & Flails
   104 | D:1      | Reached XP level 2. HP: 29/32 MP: 2/2
   855 | D:2      | Noticed Sigmund
   867 | D:2      | Killed Sigmund
   867 | D:2      | Reached skill level 5 in Fighting
   867 | D:2      | Reached skill level 4 in Maces & Flails
   867 | D:2      | Reached XP level 3. HP: 33/42 MP: 3/3
   867 | D:2      | Reached XP level 4. HP: 39/50 MP: 4/4
   867 | D:2      | Reached XP level 5. HP: 44/57 MP: 5/5
  1013 | D:2      | Reached ** piety under Trog
  1072 | D:2      | Noticed a +0 dagger
  1072 | D:2      | Noticed a +0 dagger
  1074 | D:2      | Found a hide-covered altar of Uskayaw.
  1080 | D:2      | Reached skill level 5 in Maces & Flails
  1213 | D:2      | Found an iron altar of Okawaru.
  1244 | D:2      | Noticed Natasha
  1251 | D:2      | Killed Natasha
  1353 | D:2      | Noticed Natasha
  1367 | D:2      | Killed Natasha
  1367 | D:2      | Reached XP level 6. HP: 20/66 MP: 6/6
  1608 | D:2      | Found a shattered altar of Ashenzari.
  1688 | D:2      | Noticed Natasha
  1695 | D:2      | Killed Natasha
  1732 | D:2      | Found a faded altar of an unknown god.
  1827 | D:3      | Noticed Ijyb
  1973 | D:3      | Reached skill level 6 in Maces & Flails
  1982 | D:3      | Killed Ijyb
  2277 | D:3      | Found a transporter.
  2299 | D:3      | Found a transporter.
  2300 | D:3      | Noticed pulvazza's ghost (amateur DsAK)
  2338 | D:3      | Reached XP level 7. HP: 51/74 MP: 7/7
  3462 | D:4      | Reached *** piety under Trog
  3691 | D:4      | Reached skill level 7 in Maces & Flails
  4001 | D:4      | Found a snail-covered altar of Cheibriados.
  4057 | D:4      | Reached skill level 1 in Evocations
  4347 | D:4      | Reached XP level 8. HP: 83/83 MP: 8/8
  4390 | D:4      | Found a hazy altar of Hepliaklqana.
  4513 | D:5      | Entered Level 5 of the Dungeon
  4829 | D:5      | Found a sparkling altar of Nemelex Xobeh.
  4882 | D:5      | Reached skill level 8 in Maces & Flails
  6144 | D:5      | Reached **** piety under Trog
  6567 | D:6      | Reached skill level 9 in Maces & Flails
  6905 | D:6      | Reached XP level 9. HP: 69/93 MP: 9/9
  8240 | D:6      | Found a white marble altar of Elyvilon.
  8244 | D:6      | Reached skill level 10 in Maces & Flails
  8360 | D:7      | Found a shadowy altar of Dithmenos.
  8453 | D:7      | Found a flagged portal.
  8462 | Bailey   | Entered a bailey
  8526 | Bailey   | Reached ***** piety under Trog
  9185 | Bailey   | Received a gift from Trog
  9845 | Bailey   | Reached XP level 10. HP: 87/106 MP: 10/10
  9941 | Bailey   | Reached skill level 11 in Maces & Flails
 10609 | Bailey   | Noticed an orc warlord
 10624 | Bailey   | Noticed an orc knight
 10628 | Bailey   | Noticed an orc knight
 10645 | Bailey   | Killed an orc knight
 10910 | Bailey   | Killed an orc warlord
 11136 | Bailey   | Killed an orc knight
 11136 | Bailey   | Reached skill level 12 in Maces & Flails
 11533 | D:7      | Reached skill level 10 in Fighting
 11539 | D:7      | Reached XP level 11. HP: 57/117 MP: 11/11
 11793 | D:7      | Found a staircase to the Ecumenical Temple.
 14144 | D:8      | Found a burning altar of Makhleb.
 14356 | D:8      | Reached skill level 5 in Evocations
 14603 | D:8      | Noticed Grum
 14642 | D:8      | Killed Grum
 15744 | D:9      | Paralysed by a hornet for 1 turns
 15755 | D:9      | Reached ****** piety under Trog
 15931 | D:9      | Reached skill level 13 in Maces & Flails
 15998 | D:9      | Found a glowing golden altar of the Shining One.
 16323 | D:9      | Noticed a moth of wrath
 16326 | D:9      | Found a bloodstained altar of Trog.
 16507 | D:9      | Found a radiant altar of Vehumet.
 16602 | D:10     | Entered Level 10 of the Dungeon
 17046 | D:10     | Found a viscous altar of Jiyva.
 17366 | D:10     | Found a staircase to the Orcish Mines.
 17368 | D:10     | Found Tihiczaw's Weapon Boutique.
 17388 | D:10     | Reached skill level 1 in Armour
 17508 | D:10     | Received a gift from Trog
 17678 | D:10     | Found a shimmering altar of Xom.
 17880 | D:11     | Killed an unseen horror
 18178 | D:11     | Reached skill level 5 in Dodging
 18200 | D:11     | Reached XP level 12. HP: 130/130 MP: 12/12
 18690 | D:11     | Found a staircase to the Lair.
 18920 | Lair:1   | Entered Level 1 of the Lair of Beasts
 19293 | Lair:1   | You fall into a shaft and drop 1 floor!
 19796 | Lair:2   | Found a staircase to the Swamp.
 19955 | Lair:2   | Reached skill level 14 in Maces & Flails
 19955 | Lair:2   | Reached XP level 13. HP: 140/140 MP: 13/13
 20088 | Lair:2   | Found a blossoming altar of Fedhas.
 20576 | Lair:3   | Found a hole to the Spider Nest.
 21491 | Lair:1   | You fall into a shaft and drop 1 floor!
 21618 | Lair:1   | Identified 2 scrolls of acquirement
 21619 | Lair:1   | Acquired the +6 shillelagh "Devastator" {shatter}
 21620 | Lair:1   | Found the +6 shillelagh "Devastator" {shatter}
 21620 | Lair:1   | Acquired a +0 eveningstar of freezing
 21848 | Lair:1   | Noticed Sonja
 21850 | Lair:1   | Killed Sonja
 22087 | Lair:3   | Noticed Snorg
 22108 | Lair:2   | Killed Snorg
 22938 | Lair:4   | Noticed Kirke
 22939 | Lair:4   | Noticed Nessos
 23030 | Lair:3   | Reached skill level 15 in Maces & Flails
 23122 | Lair:3   | Killed Kirke
 23122 | Lair:3   | Reached XP level 14. HP: 47/153 MP: 14/14
 23265 | Lair:4   | Killed Nessos
 23968 | Lair:5   | Received a gift from Trog
 23981 | Lair:5   | Got a sapphire flail
 23982 | Lair:5   | Identified the +8 flail "Mifann Xuwal" {vorpal, rElec Str+3
                  | SInv} (You found it on level 5 of the Lair of Beasts)
 24690 | Lair:6   | Entered Level 6 of the Lair of Beasts
 24897 | Lair:6   | Reached skill level 5 in Armour
 25568 | Lair:6   | Slain by a catoblepas

Illustrated notes

Levels and vault maps discovered:
D:1:      minmay_arrival_shoal_huts, layout_basic
D:2:      layout_rooms, dancing_weapons_uskayaw, ashenzari_conservatory_becter,
          marbit_many_paths, chequers_ecumenical_altar_twisty, uniq_natasha,
          uniq_sigmund
D:3:      layout_basic, gammafunk_ghost_mausoleum, minmay_fountain_box,
          hangedman_abyss_or_decor_lesser_grid, grunt_decor_mini_mirrors,
          uniq_ijyb
D:4:      layout_loops_ring, lemuel_round_altar, kennysheep_mini
D:5:      layout_basic, nicolae_overflow_crystal_walls, serial_glass,
          glass_columns_c, glass_columns_c
D:6:      layout_cave_pools, lemuel_round_altar
D:7:      layout_basic, minmay_temple_entry_junction, enter_bailey_8,
          basic_altar
D:8:      layout_rooms, makhleb_heckhound_becter, serial_undead,
          serial_undead_d, serial_undead_b, serial_undead_f, serial_undead_c,
          serial_undead_f, serial_undead_c, serial_undead_d, lightli_minifort,
          uniq_grum
D:9:      layout_basic, minitemple, tgw_trog
D:10:     layout_cross, orc_david_3, basic_altar, jiyva_altar_1
D:11:     layout_roguey, grunt_lair_entry_orc_guard_hut
Lair:1:   layout_cave_pods, minivault_25, uniq_sonja
Lair:2:   layout_gridlike, swamp_mist, tgw_fedhas, infiniplex_staircase_pool
Lair:3:   layout_small_grid, spider_nest_entry_webs, serial_bayou_pond_d,
          uniq_snorg
Lair:4:   layout_long_grid, uniq_nessos, uniq_kirke
Lair:5:   layout_gridlike, st_stairs_12, minmay_lair_oklob_items
Lair:6:   evilmike_catoblepas_cave, layout_regular_city, slime_altar_1,
          st_stairs_10, minmay_hedge_maze, grunt_forest_large_clearing_hut

Skill      XL: |  1  2  3  4  5  6  7  8  9 10 11 12 13 14 |
---------------+-------------------------------------------+-----
Maces & Flails | 3 4 5 6 7 9 10 12 13 14 15 | 15.9
Fighting       | 5 6 7 8 10 11 12 13 14 | 14.5
Evocations     | 1 2 3 4 5 7 |  7.0
Dodging        | 3 5 6 7 8 |  8.3
Armour         | 1 3 4 5 |  5.6

Action                   |  1- 3 |  4- 6 |  7- 9 | 10-12 | 13-15 || total
-------------------------+-------+-------+-------+-------+-------++-------
Melee: Mace              |    53 |    88 |   507 |   902 |   111 ||  1661
       Shillelagh        |       |       |       |       |   280 ||   280
Invok: Berserk           |     1 |     1 |     7 |    11 |     1 ||    21
       Trog's Hand       |       |     1 |     1 |     1 |     1 ||     4
Evoke: Wand              |       |       |    14 |    25 |     5 ||    44
       Lightning rod     |       |       |       |       |     6 ||     6
  Use: Potion            |       |     2 |       |     2 |       ||     4
       Scroll            |       |       |    11 |     7 |    10 ||    28
 Stab: Sleeping          |       |     1 |       |       |       ||     1
Armor: Animal skin       |    17 |    13 |   103 |    53 |       ||   186
       Troll leather arm |       |       |       |    52 |    63 ||   115
Dodge: Dodged            |    28 |    48 |   252 |   542 |   229 ||  1099

Table legend: (Time is in decaauts)
 A = Elapsed time spent in this place.
 B = Non-inter-level travel time spent in this place.
 C = Inter-level travel time spent in this place.
 D = Time resting spent in this place.
 E = Time spent auto-exploring this place.
 F = Levels seen in this place.
 G = Mean time per level.
                   A        B        C        D        E       F      G
               +--------+--------+--------+--------+--------+-----+--------+
         Total |  25457 |  24943 |    514 |   8162 |  12637 |  18 | 1414.3 |
       Dungeon |  15933 |  15651 |    282 |   4752 |   8408 |  11 | 1448.5 |
          Lair |   6507 |   6275 |    232 |   1166 |   4151 |   6 | 1084.5 |
        Bailey |   3016 |   3016 |      0 |   2244 |     77 |   1 | 3016.0 |
               +--------+--------+--------+--------+--------+-----+--------+

Top non-repeatable levels by time:
  Bailey: 3016 daAuts
     D:8: 2409 daAuts
     D:5: 2219 daAuts
     D:7: 1628 daAuts
  Lair:3: 1551 daAuts
     D:9: 1505 daAuts
     D:3: 1502 daAuts
     D:4: 1455 daAuts
     D:6: 1319 daAuts
  Lair:2: 1319 daAuts
     D:2: 1063 daAuts
  Lair:1: 1055 daAuts
    D:10: 988 daAuts
    D:11: 970 daAuts
  Lair:5: 955 daAuts
